 Dungeon Crawl Stone Soup version 0.30-a0-802-gb92711bcdf (webtiles) character file.

Game seed: 4794085064219871562

22416 NinjaNoafa the Spear-Bearer (level 13, -7/106 HPs)
             Began as a Hill Orc Monk on Feb 22, 2023.
             Was a High Priest of Hepliaklqana.
             Killed from afar by Azrael (36 damage)
             ... with damnation
             ... on level 12 of the Dungeon on Feb 24, 2023.
             The game lasted 01:16:53 (11585 turns).

NinjaNoafa the Spear-Bearer (Hill Orc Monk)        Turns: 11585, Time: 01:16:54

Health: -7/106     AC: 26    Str: 19    XL:     13   Next: 0%
Magic:  30/30      EV:  6    Int: 13    God:    Hepliaklqana [*****.]
Gold:   821        SH:  6    Dex: 10    Spells: 12/12 levels left

rFire   . . .      SeeInvis .    a - +4 spear (flame)
rCold   . . .      Faith    .    F - +0 kite shield
rNeg    + + .      Spirit   .    R - +4 chain mail of Costigag {+Blink rN++ Int+3 Dex-3}
rPois   .          Reflect  .    A - +2 helmet
rElec   .          Harm     .    s - +0 cloak
rCorr   .          Rampage  .    e - +1 Delatra's gloves {ID++}
Will    .....                    l - +2 pair of boots Stlth
                                 (no amulet)
HPRegen 0.37/turn                d - ring of flight
MPRegen 0.22/turn                q - ring of magical power

@: about to teleport, flying
A: reduced essence
a: Renounce Religion, Evoke Blink, Recall Ancestor, Ancestor Identity,
Transference, Idealise


You were on level 12 of the Dungeon.
You worshipped Hepliaklqana.
Hepliaklqana was extremely pleased with you.
You visited 3 branches of the dungeon, and saw 15 of its levels.

You collected 821 gold pieces.

Inventory:

Hand Weapons
 a - a +4 spear of flaming (weapon)
 b - a +1 spear of venom
Missiles
 v - 6 datura-tipped darts
 C - 8 poisoned darts
 I - 3 boomerangs (quivered)
 K - a curare-tipped dart
 L - 2 atropa-tipped darts
Armour
 e - the +1 Delatra's gloves (worn) {ID++}
   (You found it on level 3 of the Dungeon)

   ID++:      It heals its wearer when they drink unknown potions, and restores
   their MP when they read unknown scrolls.
 l - a +2 pair of boots (worn)
 s - a +0 cloak (worn)
 A - a +2 helmet (worn)
 F - a +0 kite shield (worn)
 R - the +4 chain mail of Costigag (worn) {+Blink rN++ Int+3 Dex-3}
   (You found it on level 12 of the Dungeon)

   Int:       It affects your intelligence (+3).
   Dex:       It affects your dexterity (-3).
   rN:        It greatly protects you from negative energy.
   +Blink:    It lets you blink.
Jewellery
 d - a ring of flight (left hand)
 q - a ring of magical power (right hand)
 u - a ring of fire
Wands
 c - a wand of flame (11)
 j - a wand of digging (5)
 x - a wand of roots (20)
 B - a wand of charming (12)
Scrolls
 g - 2 scrolls of poison
 n - 3 scrolls of enchant weapon
 o - a scroll of silence
 t - 3 scrolls of immolation
 w - 2 scrolls of fog
 H - 2 scrolls of teleportation
 M - a scroll of fear
 N - a scroll of brand weapon {unknown}
 O - a scroll of blinking {unknown}
 P - a scroll of vulnerability {unknown}
 Q - a scroll of butterflies {unknown}
Potions
 f - a potion of berserk rage
 h - a potion of brilliance
 i - 2 potions of magic
 k - 2 potions of flight
 m - 4 potions of mutation
 p - a potion of cancellation {unknown}
 r - 2 potions of heal wounds {unknown}
 z - 2 potions of haste {unknown}
 D - 3 potions of might {unknown}
 E - 8 potions of curing
 G - a potion of resistance {unknown}
 J - 2 potions of attraction {unknown}


   Skills:
 - Level 12.0 Fighting
 - Level 14.0 Polearms
 - Level 4.0 Throwing
 - Level 10.0 Armour
 - Level 2.4 Dodging
 - Level 1.5 Stealth
 + Level 11.4 Invocations
 + Level 5.6 Evocations


You had 12 spell levels left.
You didn't know any spells.
Your spell library contained the following spells:

 Spells                   Type           Power      Damage    Failure   Level
 Magic Dart               Conj           0%         1d3       100%        1
 Sandblast                Erth           0%         2d4       100%        1
 Sting                    Tmut/Pois      0%         1d3       100%        1
 Blink                    Tloc           0%         N/A       100%        2
 Call Imp                 Summ           0%         N/A       100%        2
 Cigotuvi's Dreadful Rot  Necr/Pois/Air  0%         N/A       100%        2
 Lesser Beckoning         Tloc           0%         N/A       100%        2
 Momentum Strike          Conj/Tloc      0%         3d8       100%        2
 Passwall                 Tmut/Erth      0%         N/A       100%        2
 Searing Ray              Conj           0%         2d4       100%        2
 Dazzling Flash           Conj/Hex       0%         N/A       100%        3
 Mephitic Cloud           Conj/Pois/Air  0%         N/A       100%        3
 Stone Arrow              Conj/Erth      0%         3d7       100%        3
 Animate Armour           Summ/Erth      0%         N/A       100%        4
 Dispel Undead            Necr           0%         3d6       100%        4
 Fulminant Prism          Conj/Hex       0%         3d5       100%        4
 Agony                    Necr           0%         N/A       100%        5
 Blade Hands              Tmut           0%         N/A       100%        5
 Irradiate                Conj/Tmut      0%         3d11      100%        5
 Silence                  Hex/Air        0%         N/A       100%        5
 Death Channel            Necr           0%         N/A       100%        6
 Iron Shot                Conj/Erth      0%         9d1       100%        6
 Dragon Form              Tmut           0%         N/A       100%        7


Dungeon Overview and Level Annotations

Branches:
Dungeon (12/15)            Temple (1/1) D:5            Lair (2/5) D:10
 Shoals (0/4) Lair:2       Spider (0/4) Lair:2          Orc (0/2) D:9

Altars:
Ashenzari
Cheibriados
Dithmenos
Elyvilon
Fedhas
Gozag
Hepliaklqana
Kikubaaqudgha
Makhleb
Nemelex Xobeh
Okawaru
Qazlal
Ru
Sif Muna
Trog
Uskayaw
Vehumet
Wu Jian
Xom
Yredelemnul
Zin
The Shining One

Shops:
D:5 [   D:9 (   D:12 :

Annotations:
D:12 1 runed translucent door, Azrael; cheesebisquit's ghost, journeyman MfIE


Message History

Unknown command.
You swap places.
You are covered in liquid flames!
You are no longer on fire.
Bhalk Abdy hits Azrael with a +0 flail.
Unknown command.
Aiming: Fastroot
Press: ? - help, Shift-Dir - straight line, f - Azrael
Aim: Azrael, wielding a +2 scimitar of flaming (lightly wounded, ally target)
The roots erupt in riotous growth!
Roots grab Azrael.
Bhalk Abdy avoids your attack.
The grasping roots constrict Azrael.
You hear a bark! x2
Azrael closely misses Bhalk Abdy.
Bhalk Abdy hits Azrael with a +0 flail.
You swap places.
The grasping roots constrict Azrael.
Azrael hits you with a +2 scimitar of flaming!!
Azrael burns you.
You hit Azrael but do no damage.
Azrael is lightly wounded.
The grasping roots constrict Azrael!
The roots release their grip on Azrael.
Azrael gestures at you.
The fireball explodes!
The fireball engulfs you!!!
Ouch! That really hurt!
* * * LOW HITPOINT WARNING * * *
The fireball engulfs Azrael.
Azrael completely resists.
The fireball engulfs Bhalk Abdy!!
Bhalk Abdy resists.
You swap places.
Azrael gestures at Bhalk Abdy.
The bolt of fire hits Bhalk Abdy!
Bhalk Abdy resists.
Bhalk Abdy is destroyed!
A hell hound comes into view.
Okay, then.
As you read the scroll of teleportation, it crumbles to dust.
You feel strangely unstable.
The hell hound barks!
Azrael gestures at you.
The sphere of damnation explodes!
The damnation engulfs you!!!
You die...

###########
#hR.@.>...#
#☼#######.#
#. #.# ..
#.# ### #.#
#.# #.# #.#
#.#


You could see Azrael and a hell hound.

Vanquished Creatures
  A hydra (Lair:2)
  A catoblepas (Lair:2)
  An elephant (Lair:2)
  3 centaur zombies (D:10)
  2 cyclopes (D:9)
  2 black mambas
  3 cane toads (Lair:2)
  Maggie (D:7)
  3 komodo dragons
  2 unseen horror zombies (D:10)
  A rime drake (Lair:2)
  A kobold demonologist (D:11)
  A wind drake (Lair:2)
  2 blink frogs (Lair:1)
  A shadow (D:11)
  2 basilisks (Lair:2)
  Eustachio (D:5)
  4 wyverns
  A vampire mosquito (D:12)
  2 steam dragons
  5 water moccasins
  Duvessa (D:5)
  An ogre (D:6)
  7 wolves
  4 centaurs
  3 bullfrogs
  A gnoll sergeant (D:8)
  A kobold brigand (D:10)
  A scorpion (D:6)
  7 wights
  Dowan (D:5)
  2 howler monkeys
  An electric eel (D:11)
  3 orc priests
  2 jellies
  2 iguanas
  8 orc wizards
  3 gnolls
  7 adders
  2 shadow imps (D:5)
  A white imp (D:5)
  2 ufetubi (D:5)
  2 worms (D:3)
  3 dart slugs
  16 orcs
  3 ball pythons
  8 endoplasms
  2 giant cockroaches
  A goblin (D:1)
  7 hobgoblins
  11 jackals
  9 kobolds
  6 quokkas
  4 bats
  4 frilled lizards
  2 rats (D:1)
178 creatures vanquished.

Vanquished Creatures (collateral kills)
  A death yak (Lair:2)
  Pikel (D:5)
  2 ugly things (D:12)
  A manticore (Lair:2)
  5 centaur zombies (D:10)
  A black mamba (Lair:2)
  2 gargoyles
  A rime drake (Lair:2)
  2 cane toads (Lair:1)
  An unseen horror zombie (D:10)
  A troll (D:9)
  A hornet (D:11)
  2 blink frogs (Lair:1)
  A wyvern (D:7)
  2 fire elementals (D:12)
  A basilisk (Lair:1)
  A yak (Lair:2)
  3 vampire mosquitoes (D:12)
  3 steam dragons
  An acid dragon (D:11)
  3 water moccasins
  3 orc warriors
  2 black bears
  7 wolves (Lair:1)
  A kobold brigand (D:11)
  2 bullfrogs
  2 scorpions
  4 wights
  2 howler monkeys (D:6)
  A hound (D:6)
  A jelly (D:6)
  2 orc priests
  4 orc wizards
  3 adders (D:6)
  3 gnolls (D:8)
  A shadow imp (D:6)
  2 white imps (D:7)
  11 orcs
  5 kobolds
92 creatures vanquished.

Vanquished Creatures (others)
  6 knights
  A quokka (D:6)
  6 demonic plants (D:5)
  2 fungi (Lair:1)
  48 plants
63 creatures vanquished.

Grand Total: 333 creatures vanquished

Notes
Turn   | Place    | Note
-------+----------+-------------------------------------------
     0 | D:1      | NinjaNoafa the Hill Orc Monk began the quest for the Orb.
     0 | D:1      | Reached XP level 1. HP: 19/19 MP: 1/1
   105 | D:1      | Reached skill level 1 in Armour
   105 | D:1      | Reached XP level 2. HP: 18/27 MP: 2/2
   249 | D:1      | Reached XP level 3. HP: 25/34 MP: 3/3
   971 | D:2      | Reached XP level 4. HP: 38/41 MP: 4/4
  1686 | D:3      | Found the +1 Delatra's gloves {ID++}
  1710 | D:3      | Reached skill level 5 in Fighting
  1710 | D:3      | Reached skill level 4 in Polearms
  1710 | D:3      | Reached XP level 5. HP: 36/48 MP: 5/5
  2672 | D:4      | Found a snail-covered altar of Cheibriados.
  3021 | D:4      | Reached XP level 6. HP: 55/56 MP: 6/6
  3244 | D:5      | Entered Level 5 of the Dungeon
  3390 | D:5      | Upgraded the game from 0.30-a0-800-g7c544603b3 to
                  | 0.30-a0-802-gb92711bcdf
  3629 | D:5      | Noticed Eustachio
  3755 | D:5      | Killed Eustachio
  3756 | D:5      | Reached skill level 5 in Polearms
  3756 | D:5      | Reached XP level 7. HP: 30/63 MP: 7/7
  3766 | D:5      | Noticed Dowan
  3799 | D:5      | Found Qioderpha's Antique Armour Shop.
  4032 | D:5      | Noticed Duvessa
  4055 | D:5      | Killed Duvessa
  4056 | D:5      | Reached skill level 5 in Armour
  4077 | D:5      | HP: 2/63 [Dowan/stone arrow (22)]
  4087 | D:5      | Killed Dowan
  4229 | D:5      | Found a staircase to the Ecumenical Temple.
  4249 | D:5      | Noticed Pikel
  4360 | Temple   | Entered the Ecumenical Temple
  4370 | Temple   | Became a worshipper of Hepliaklqana the Forgotten
  4370 | Temple   | Reached * piety under Hepliaklqana
  4370 | Temple   | Reached ** piety under Hepliaklqana
  4493 | D:5      | Remembered your ancestor Bhalk Abdy as a knight
  4497 | D:5      | Killed Pikel
  4498 | D:5      | Reached skill level 8 in Polearms
  4498 | D:5      | Reached XP level 8. HP: 60/63 MP: 8/8
  4557 | D:6      | Reached skill level 1 in Invocations
  5043 | D:6      | Reached skill level 9 in Polearms
  5093 | D:6      | Reached skill level 5 in Invocations
  5093 | D:6      | Reached XP level 9. HP: 37/67 MP: 12/12
  5111 | D:6      | Found a shimmering blue altar of Sif Muna.
  5137 | D:6      | Got Sif Muna's Book of Nausea
  5205 | D:6      | Found a white marble altar of Elyvilon.
  5493 | D:7      | Noticed Maggie
  5513 | D:7      | Reached skill level 10 in Polearms
  5575 | D:7      | Found a blossoming altar of Fedhas.
  5720 | D:7      | Found a shimmering altar of Xom.
  5766 | D:7      | Killed Maggie
  5831 | D:7      | Reached *** piety under Hepliaklqana
  6502 | D:8      | Reached skill level 11 in Polearms
  6599 | D:8      | Found a bloodstained altar of Trog.
  6666 | D:8      | Found a sacrificial altar of Ru.
  6775 | D:8      | Reached XP level 10. HP: 74/74 MP: 16/16
  6822 | D:8      | Found a glowing golden altar of the Shining One.
  7084 | D:8      | Reached skill level 12 in Polearms
  7536 | D:9      | Found a staircase to the Orcish Mines.
  7637 | D:9      | Noticed a cyclops
  7647 | D:9      | Killed a cyclops
  7839 | D:9      | Noticed a cyclops
  7847 | D:9      | Killed a cyclops
  7918 | D:9      | Found Netoiz's Weapon Shop.
  8104 | D:10     | Entered Level 10 of the Dungeon
  8190 | D:10     | Reached skill level 1 in Evocations
  8262 | D:10     | Reached **** piety under Hepliaklqana
  8302 | D:10     | Identified the +1 ring mail of Ashenzari's Pride {Harm
                  | Int+3}
  8397 | D:10     | Reached XP level 11. HP: 83/85 MP: 17/17
  8435 | D:10     | Found a basalt altar of Yredelemnul.
  8538 | D:10     | Found a staircase to the Lair.
  8611 | Lair:1   | Entered Level 1 of the Lair of Beasts
  8741 | Lair:1   | Reached skill level 10 in Fighting
  8776 | Lair:1   | Reached skill level 10 in Armour
  8776 | Lair:1   | Reached skill level 5 in Evocations
  8776 | Lair:1   | Reached skill level 1 in Throwing
  9240 | Lair:1   | Reached skill level 10 in Invocations
  9437 | Lair:2   | Reached XP level 12. HP: 88/95 MP: 19/19
  9475 | Lair:2   | Found a staircase to the Shoals.
  9498 | Lair:2   | Reached skill level 13 in Polearms
  9555 | Lair:2   | Found a hole to the Spider Nest.
  9767 | Lair:2   | Reached ***** piety under Hepliaklqana
  9833 | Lair:2   | Noticed a five-headed hydra
  9841 | Lair:2   | Killed a five-headed hydra
  9846 | Lair:2   | Reached skill level 14 in Polearms
  9960 | Lair:2   | Noticed a catoblepas
  9971 | Lair:2   | Noticed a death yak
  9979 | Lair:2   | Noticed an eight-headed hydra
  9980 | Lair:2   | Noticed a four-headed hydra
  9984 | Lair:2   | Killed a death yak
 10028 | Lair:2   | Killed a catoblepas
 11357 | D:12     | Found a runed translucent door.
 11358 | D:12     | Noticed cheesebisquit's ghost (journeyman MfIE)
 11359 | D:12     | Identified the +4 chain mail of Costigag {+Blink rN++ Int+3
                  | Dex-3}
 11425 | D:12     | Found Lalobico's Book Emporium.
 11578 | D:12     | Reached XP level 13. HP: 106/106 MP: 21/21
 11578 | D:12     | Noticed Azrael
 11585 | D:12     | Killed from afar by Azrael

Illustrated notes

Levels and vault maps discovered:
D:1:      lemuel_arrival_behind_the_door_large, layout_loops_ring,
          serial_bayou_ford_a, minmay_bisected
D:2:      layout_basic
D:3:      layout_loops_ring, chequers_serial_rivers_small_3,
          pf_guarded_unrand_delatra
D:4:      layout_basic, cheibriados_altar_1
D:5:      layout_layer_cave, minmay_temple_entry_drinking_statues, serial_shops,
          nicolae_stop_n_shop_2, serial_demonic, serial_demonic_g,
          serial_demonic_e, serial_demonic_e, serial_demonic_f, uniq_pikel,
          uniq_duvessa, uniq_eustachio
D:6:      layout_loops_ring, elyvilon_altar_4, led_sif_book
D:7:      layout_cave_pods, kennysheep_mini_moat, fedhas_bush_and_centaur_altar,
          uniq_maggie
D:8:      layout_loops_ring, mainiacjoe_overflow_alcove_2,
          mainiacjoe_overflow_24_doors, mainiacjoe_overflow_catwalk
D:9:      layout_gridville, orc_0_dummy, serial_shops,
          nicolae_shop_bloodbath_and_beyond
D:10:     layout_cave_pools, nicolae_yredelemnul_corpse_copse,
          dpeg_oklobed_lair, hangedman_decor_slide_cut
D:11:     layout_layer_cave, roderic_serpentine_path, kennysheep_generic_room_2
D:12:     layout_loops_ring, serial_shops, shop_fountains,
          ebering_ghost_reflecting_pool, uniq_azrael
Temple:   nicolae_temple_ecumenical_triangle
Lair:1:   layout_cave_pods, lemuel_fruit_tree
Lair:2:   nzn_winding_woodlands_large [nzn_winding_woodlands_5x5_cross,
          nzn_winding_woodlands_5x15_parted, nzn_winding_woodlands_hourglass,
          nzn_winding_woodlands_center_pierced_h,
          nzn_winding_woodlands_15x15_five_gardens,
          nzn_winding_woodlands_center_garden,
          nzn_winding_woodlands_5x5_closed_star, nzn_winding_woodlands_5x15_eye,
          nzn_winding_woodlands_5x5_checkerboard], layout_misc_corridors,
          minmay_shoals_entry_beasts, spider_nest_entry_web_field

Skill      XL: |  1  2  3  4  5  6  7  8  9 10 11 12 |
---------------+-------------------------------------+-----
Fighting       | 4 5 6 8 10 12 | 12.0
Armour         | 1 2 3 4 6 8 10 | 10.0
Polearms       | 4 5 8 9 11 12 14 | 14.0
Invocations    | 5 8 10 11 | 11.4
Evocations     | 2 5 |  5.6
Throwing       | 1 4 |  4.0
Dodging        | |  2.4
Stealth        | |  1.5

Action                     |  1- 3 |  4- 6 |  7- 9 | 10-12 | 13-15 || total
---------------------------+-------+-------+-------+-------+-------++-------
  Melee: Spear             |    40 |       |   120 |   563 |     1 ||   724
         Trident           |    66 |   283 |    69 |       |       ||   418
         Punch             |     1 |     1 |     1 |       |       ||     3
         Unarmed           |       |    28 |       |       |       ||    28
  Throw: Dart              |       |       |     3 |       |       ||     3
         Boomerang         |       |       |       |     7 |       ||     7
 Invoke: Recall Ancestor   |       |       |     3 |     1 |       ||     4
         Ancestor Life: Kn |       |       |     1 |       |       ||     1
         Ancestor Identity |       |       |     1 |       |       ||     1
         Idealise          |       |       |       |     1 |       ||     1
  Evoke: Wand              |       |       |     1 |       |     1 ||     2
    Use: Scroll            |       |     7 |     8 |     6 |     1 ||    22
         Potion            |       |     3 |     2 |       |       ||     5
   Stab: Sleeping          |       |     1 |       |       |       ||     1
         Distracted        |       |       |       |     2 |       ||     2
 Armour: Ring mail         |    19 |    29 |       |       |       ||    48
         Skin              |       |    55 |       |       |       ||    55
         Chain mail        |       |    64 |       |     2 |     1 ||    67
         Plate armour      |       |   297 |   135 |   280 |       ||   712
  Dodge: Dodged            |    37 |   173 |    21 |    85 |       ||   316
  Block: Kite shield       |       |       |       |   108 |       ||   108

Table legend: (Time is in decaauts)
 A = Elapsed time spent in this place.
 B = Non-inter-level travel time spent in this place.
 C = Inter-level travel time spent in this place.
 D = Time resting spent in this place.
 E = Time spent auto-exploring this place.
 F = Levels seen in this place.
 G = Mean time per level.
                   A        B        C        D        E       F      G
               +--------+--------+--------+--------+--------+-----+--------+
         Total |  11411 |   9126 |   2285 |     20 |   1467 |  15 |  760.7 |
       Dungeon |  10023 |   7890 |   2133 |     20 |   1314 |  12 |  835.2 |
        Temple |     15 |     10 |      5 |      0 |      0 |   1 |   15.0 |
          Lair |   1372 |   1225 |    147 |      0 |    153 |   2 |  686.0 |
               +--------+--------+--------+--------+--------+-----+--------+

Top non-repeatable levels by time:
     D:5: 1254 daAuts
    D:11: 1138 daAuts
     D:7: 1067 daAuts
     D:3: 953 daAuts
     D:4: 888 daAuts
     D:6: 851 daAuts
     D:2: 787 daAuts
     D:9: 775 daAuts
     D:8: 774 daAuts
  Lair:1: 752 daAuts
     D:1: 698 daAuts
  Lair:2: 620 daAuts
    D:10: 499 daAuts
    D:12: 334 daAuts
  Temple: 15 daAuts
